 Dungeon Crawl Stone Soup version 0.30-a0-996-ga6910c8ee8 (webtiles) character file.

Game seed: 7433414409366172990

2571 gelatine the Covered (level 9, -3/71 (81) HPs)
             Began as a Naga Hunter on Apr 4, 2023.
             Was a Follower of Cheibriados.
             Slain by an orc
             ... wielding a +0 trident
              (6 damage)
             ... on level 7 of the Dungeon.
             The game lasted 00:24:52 (6457 turns).

gelatine the Covered (Naga Hunter)                  Turns: 6457, Time: 00:24:53

HP:   -3/71 (81)    AC: 15    Str: 24    XL:     9   Next: 57%
MP:   9/12          EV:  9    Int: 15    God:    Cheibriados [*.....]
Gold: 404           SH:  0    Dex: 20    Spells: 11/15 levels left

rFire   . . .      SeeInvis +    y - +5 woodcutter's axe
rCold   + . .      Faith    .    (shield currently unavailable)
rNeg    . . .      Spirit   .    w - +1 ring mail of Tooll {rC- Dex+3 Stlth+}
rPois   +          Reflect  .    n - +2 hat
rElec   .          Rampage  .    t - scarf {+Inv}
rCorr   .                        (no gloves)
Will    +....                    h - +1 barding {rC+}
Stlth   +++                      (no amulet)
HPRegen 0.31/turn                B - ring of protection from cold
MPRegen 0.13/turn                C - +6 ring of strength

@: heavily drained, very slow
A: AC +3, large, see invisible, deformed body, poison resistance, slowness 2,
spit poison 1, naga tail 1, clever 1, low MP 1
a: Spit Poison, Renounce Religion, Evoke Invisibility, Bend Time


You were on level 7 of the Dungeon.
You worshipped Cheibriados.
Cheibriados was aware of your devotion.
You visited 2 branches of the dungeon, and saw 8 of its levels.

You collected 404 gold pieces.

Inventory:

Hand Weapons
 a - a +0 shortbow
 u - a +3 battleaxe
 v - the +5 hand axe of Twilight {heavy, *Noise rN++ Dex+2}
   (You found it on level 7 of the Dungeon)

   Dex:       It affects your dexterity (+2).
   rN:        It greatly protects you from negative energy.
   *Noise:    It may make noises in combat.
 x - the +6 hand axe of Slow Death {venom, rElec Will+ MP+9 Int-2}
   (You found it on level 3 of the Dungeon)

   Int:       It affects your intelligence (-2).
   rElec:     It insulates you from electricity.
   MP:        It affects your magic capacity (+9).
   Will:      It increases your willpower.
 y - the +5 woodcutter's axe (weapon)
   (You found it on level 3 of the Dungeon)
 D - a +4 heavy scimitar
Armour
 c - a +0 leather armour
 d - a +1 buckler of protection
 h - a +1 barding of cold resistance (worn)
 n - a +2 hat (worn)
 o - a +0 scale mail
 s - a +0 helmet
 t - a scarf of invisibility (worn)
 w - the +1 ring mail of Tooll (worn) {rC- Dex+3 Stlth+}
   (You found it on level 3 of the Dungeon)

   Dex:       It affects your dexterity (+3).
   rC:        It makes you vulnerable to cold.
   Stlth:     It makes you more stealthy.
Jewellery
 p - a ring of fire
 B - a ring of protection from cold (left hand)
 C - a +6 ring of strength (right hand)
Wands
 f - a wand of iceblast (14)
 i - a wand of digging (3)
 l - a wand of paralysis (15)
 A - a wand of light (5)
Scrolls
 b - a scroll of immolation
 j - a scroll of amnesia
 r - 2 scrolls of noise
Potions
 e - a potion of berserk rage
 g - a potion of curing
 m - a potion of attraction
 z - a potion of magic
 E - 2 potions of lignification


   Skills:
 * Level 5.1 Fighting
 + Level 2.6 Long Blades
 + Level 3.9 Axes
 + Level 3.6 Ranged Weapons
 * Level 5.2 Armour
 * Level 3.9 Dodging
 + Level 2.8 Stealth
 * Level 3.1 Shields
 * Level 3.5 Spellcasting
 * Level 2.6 Poison Magic
 * Level 0.7 Invocations
 * Level 2.9 Evocations


You had 11 spell levels left.
You knew the following spells:

 Your Spells              Type           Power      Damage    Failure   Level
a - Olgreb's Toxic Radia  Pois           10%        N/A       67%         4

Your spell library contained the following spells:

 Spells                   Type           Power      Damage    Failure   Level
 Sting                    Tmut/Pois      24%        1d4       17%         1
 Poisonous Vapours        Pois/Air       12%        N/A       26%         2
 Sandblast                Erth           4%         2d4       28%         1
 Passwall                 Tmut/Erth      1%         N/A       41%         2
 Stone Arrow              Conj/Erth      4%         3d7       65%         3
 Passage of Golubria      Tloc           2%         N/A       96%         4
 Silence                  Hex/Air        1%         N/A       100%        5
 Lehudib's Crystal Spear  Conj/Erth      1%         10d2      100%        8


Dungeon Overview and Level Annotations

Branches:
Dungeon (7/15)             Temple (1/1) D:6

Altars:
Ashenzari
Cheibriados
Dithmenos
Elyvilon
Fedhas
Gozag
Hepliaklqana
Kikubaaqudgha
Makhleb
Nemelex Xobeh
Okawaru
Qazlal
Ru
Sif Muna
Trog
Uskayaw
Vehumet
Wu Jian
Yredelemnul
The Shining One

Shops:
D:5 =


Innate Abilities, Weirdness & Mutations

Your serpentine skin is tough. (AC +3)
You have supernaturally acute eyesight. (SInv)
Armour fits poorly on your strangely shaped body.
Your system is resistant to poisons. (rPois)
You cover ground very slowly.
You can spit poison.
You have a snake-like lower body.
Your mind is acute. (Int +4, Str/Dex -1)
Your magical capacity is low. (-10% MP)


Message History

The orc hits you from afar with a +0 trident.
* * * LOW HITPOINT WARNING * * *
The wight hits you with a +1 halberd.
* * * LOW HITPOINT WARNING * * *
You feel drained.
* * * LOW HITPOINT WARNING * * *
The wight hits you with a +1 halberd.
* * * LOW HITPOINT WARNING * * *
The orc completely misses you.
Items here: )) [[.
You barely miss the wight. The wight barely misses you.
The orc closely misses you.
Unknown command.
It was a potion of cancellation.
You feel magically purged. The wight closely misses you.
The orc hits you but does no damage.
You hit the wight.
The wight is moderately damaged.
The wight hits you with a +1 halberd.
* * * LOW HITPOINT WARNING * * *
You feel drained.
* * * LOW HITPOINT WARNING * * *
The orc completely misses you.
Okay, then.
As you read the scroll labelled MUORIK REUST, it crumbles to dust.
The scroll dissolves into smoke.
It was a scroll of fog.
The wight hits you with a +1 halberd.
* * * LOW HITPOINT WARNING * * *
You feel drained.
* * * LOW HITPOINT WARNING * * *
The orc hits you but does no damage. The flow of time bends around you.
Cheibriados rebukes the wight.
The wight seems to slow down.
The orc closely misses you. The wight hits you with a +1 halberd.
* * * LOW HITPOINT WARNING * * *
You feel drained.
You barely miss the wight.
The wight is moderately damaged.
The orc hits you from afar with a +0 trident.
You die...

# .... .## ####
###..#######
####............
#..........###..
#..)....... #.
#.))....... ..
..#######o.)........#
.....§z@§§[#......>
.....#####.######.######
... #.# # #..... .
#.#### #.#..#.. #....#
#.#<.... #....# #......#
#....# ###..... #....#
#..... #....# #.#<..


You could see a wight (slow) and an orc.

Vanquished Creatures
  A water moccasin (D:7)
  2 ice beasts
  An orc warrior (D:7)
  2 ogres
  2 phantoms
  2 gnoll sergeants
  A scorpion (D:4)
  12 wights
  2 howler monkeys (D:4)
  3 jellies
  2 gnoll boudas (D:4)
  4 hounds
  4 orc priests
  Ijyb (D:4)
  Jessica (D:3)
  2 iguanas
  2 orc wizards (D:4)
  24 gnolls
  7 adders
  A white imp (D:5)
  A dart slug (D:3)
  35 orcs
  6 bats
  5 endoplasms
  4 giant cockroaches
  4 goblins
  5 hobgoblins
  15 jackals
  3 kobolds
  4 quokkas
  3 ball pythons
  4 frilled lizards
  4 rats
169 creatures vanquished.

Vanquished Creatures (others)
  A plant (D:4)
1 creature vanquished.

Grand Total: 170 creatures vanquished

Notes
Turn   | Place    | Note
-------+----------+-------------------------------------------
     0 | D:1      | gelatine the Naga Hunter began the quest for the Orb.
     0 | D:1      | Reached XP level 1. HP: 19/19 MP: 1/1
   250 | D:1      | Reached XP level 2. HP: 26/26 MP: 2/2
   730 | D:2      | Found a faded altar of an unknown god.
   746 | D:2      | Reached XP level 3. HP: 33/33 MP: 3/3
  1007 | D:2      | Reached skill level 1 in Long Blades
  1406 | D:3      | Noticed Jessica
  1416 | D:3      | Killed Jessica
  1417 | D:3      | Reached skill level 1 in Armour
  1417 | D:3      | Reached skill level 1 in Shields
  1417 | D:3      | Reached XP level 4. HP: 15/40 MP: 4/4
  1726 | D:3      | Identified the +1 ring mail of Tooll {rC- Dex+3 Stlth+}
  1796 | D:3      | Reached XP level 5. HP: 43/46 MP: 5/5
  1858 | D:3      | Found the +5 woodcutter's axe
  1884 | D:3      | Reached skill level 1 in Spellcasting
  1887 | D:3      | Identified the +6 hand axe of Slow Death {venom, rElec
                  | Will+ MP+9 Int-2}
  2197 | D:3      | Reached XP level 6. HP: 55/55 MP: 7/7
  2261 | D:3      | Found a glowing golden altar of the Shining One.
  2479 | D:4      | Noticed Ijyb
  2487 | D:4      | Killed Ijyb
  2763 | D:4      | Reached skill level 1 in Evocations
  2931 | D:4      | Reached skill level 1 in Axes
  2931 | D:4      | Reached XP level 7. HP: 25/62 MP: 9/9
  3196 | D:4      | Found a shadowy altar of Dithmenos.
  3602 | D:4      | Reached XP level 8. HP: 41/69 MP: 11/11
  3737 | D:4      | Gained mutation: Your magical capacity is low. (-10% MP)
                  | [potion of mutation]
  3737 | D:4      | Gained mutation: Your mind is acute. (Int +4, Str/Dex -1)
                  | [potion of mutation]
  4362 | D:5      | Entered Level 5 of the Dungeon
  4486 | D:5      | Found Eloeraapn's Jewellery Emporium.
  5345 | D:6      | Reached XP level 9. HP: 79/79 MP: 12/12
  5774 | D:6      | Found a staircase to the Ecumenical Temple.
  5780 | Temple   | Entered the Ecumenical Temple
  5967 | Temple   | Became a worshipper of Cheibriados the Contemplative
  5991 | D:6      | Identified a scroll of acquirement
  5991 | D:6      | Acquired a +1 barding of cold resistance
  6212 | D:7      | Learned a level 4 spell: Olgreb's Toxic Radiance
  6398 | D:7      | Reached skill level 1 in Poison Magic
  6415 | D:7      | Identified the +5 hand axe of Twilight {heavy, *Noise rN++
                  | Dex+2}
  6425 | D:7      | Reached skill level 5 in Armour
  6447 | D:7      | Reached skill level 5 in Fighting
  6450 | D:7      | Reached * piety under Cheibriados
  6456 | D:7      | HP: 3/72 [wight/+1 halberd (2)]
  6457 | D:7      | Slain by an orc

Illustrated notes

Levels and vault maps discovered:
D:1:      dpeg_arrival_tiny_i, layout_rooms
D:2:      layout_loops_ring, hellmonk_ecumenical_altar_lost_god,
          kennysheep_cluttered_room
D:3:      layout_basic, nicolae_tso_swordbearing_angel, serial_aquarium,
          aquarium_bridge_square [aquarium_subvault_bridge,
          aquarium_subvault_window, aquarium_subvault_bridge,
          aquarium_subvault_window], aquarium_window_2, aquarium_window_3,
          aquarium_window_double, aquarium_view_2a, aquarium_view_2b,
          aquarium_balcony_1b, pf_guarded_unrand_woodcutter, uniq_jessica
D:4:      lemuel_castle_with_subvaults [lemuel_castle_interior_carwin_3],
          layout_rooms, grunt_dithmenos_smoke_and_mirrors,
          hangedman_decor_lopped, hex_large, uniq_ijyb
D:5:      layout_cave_pods, serial_shops, shop
D:6:      minmay_klotski, layout_loops_ring, minmay_temple_entry_hall
D:7:      layout_basic
Temple:   nicolae_temple_bog_church

Skill      XL: |  1  2  3  4  5  6  7  8  9 |
---------------+----------------------------+-----
Long Blades    | 1 2 |  2.6
Armour         | 1 2 3 4 5 |  5.2
Dodging        | 2 3 |  3.9
Shields        | 1 2 3 |  3.1
Spellcasting   | 1 2 3 |  3.5
Evocations     | 1 2 |  2.9
Stealth        | 2 |  2.8
Fighting       | 3 4 5 |  5.1
Axes           | 1 2 3 |  3.9
Poison Magic   | 2 |  2.6
Ranged Weapons | |  3.6
Invocations    | |  0.7

Action                     |  1- 3 |  4- 6 |  7- 9 || total
---------------------------+-------+-------+-------++-------
  Melee: Falchion          |    87 |    68 |       ||   155
         Hand axe          |       |    36 |   121 ||   157
         Battleaxe         |       |       |    76 ||    76
   Fire: Shortbow          |     3 |       |       ||     3
 Invoke: Bend Time         |       |       |     1 ||     1
Ability: Spit Poison       |    23 |    22 |    47 ||    92
    Use: Potion            |       |     2 |     5 ||     7
         Scroll            |       |       |    10 ||    10
   Stab: Sleeping          |     1 |     1 |       ||     2
 Armour: Leather armour    |    55 |    12 |       ||    67
         Ring mail         |       |    29 |    66 ||    95
  Dodge: Dodged            |    48 |    48 |   106 ||   202
  Block: Buckler           |    18 |    32 |    48 ||    98

Table legend: (Time is in decaauts)
 A = Elapsed time spent in this place.
 B = Non-inter-level travel time spent in this place.
 C = Inter-level travel time spent in this place.
 D = Time resting spent in this place.
 E = Time spent auto-exploring this place.
 F = Levels seen in this place.
 G = Mean time per level.
                   A        B        C        D        E       F      G
               +--------+--------+--------+--------+--------+-----+--------+
         Total |   8451 |   7959 |    492 |      0 |   6199 |   8 | 1056.4 |
       Dungeon |   8160 |   7724 |    436 |      0 |   5989 |   7 | 1165.7 |
        Temple |    290 |    235 |     55 |      0 |    210 |   1 |  290.0 |
               +--------+--------+--------+--------+--------+-----+--------+

Top non-repeatable levels by time:
     D:4: 2050 daAuts
     D:3: 1650 daAuts
     D:5: 1197 daAuts
     D:1: 953 daAuts
     D:6: 891 daAuts
     D:2: 879 daAuts
     D:7: 538 daAuts
  Temple: 290 daAuts
